 Dungeon Crawl Stone Soup version 0.28.0-45-g0d030f2227 (webtiles) character file.

Game seed: 18003839513038476650

710 gohu the Cleaver (level 7, -3/91 HPs)
             Began as a Hill Orc Fighter on May 22, 2022.
             Killed by divine providence
             ... invoked by an orc priest
              (10 damage)
             ... on level 4 of the Dungeon.
             The game lasted 00:09:44 (4095 turns).

gohu the Cleaver (Hill Orc Fighter)                 Turns: 4095, Time: 00:09:45

Health: -3/91      AC: 23    Str: 21    XL:     7   Next: 68%
Magic:  7/7        EV:  2    Int:  8    God:
Gold:   126        SH:  4    Dex: 10    Spells: 6/6 levels left

rFire   . . .      SeeInvis .   a - +0 war axe
rCold   . . .      Faith    .   c - +0 buckler
rNeg    . . .      Spirit   .   (armour currently unavailable)
rPois   +          Reflect  .   (helmet currently unavailable)
rElec   .          Harm     .   (cloak currently unavailable)
rCorr   .          Rampage  .   (gloves currently unavailable)
Will    .....      NoTele   +   (boots currently unavailable)
Stlth   +.........              i - amulet of magic regeneration
HPRegen 0.25/turn               (no ring)
MPRegen 0.50/turn               (no ring)

@: tree-form
A: stationary, stasis, torment immunity, boosted hp
a: Convert to Beogh


You were on level 4 of the Dungeon.
You were a tree.
You visited 1 branch of the dungeon, and saw 4 of its levels.

You collected 126 gold pieces.

Inventory:

Hand Weapons
 a - a +0 war axe (weapon)
Armour
 b - a +0 scale mail
 c - a +0 buckler (worn)
 g - a +0 helmet (melded)
 l - a +0 chain mail (melded)
Jewellery
 d - a ring of poison resistance
 i - an amulet of magic regeneration (around neck)
Scrolls
 e - 2 scrolls of magic mapping {unknown}
 f - 5 scrolls of identify {unknown}
 j - a scroll of blinking {unknown}
 k - 2 scrolls of noise {unknown}
 o - a scroll of enchant weapon {unknown}
 p - a scroll of silence {unknown}
Potions
 h - a potion of attraction {unknown}
 m - a potion of flight {unknown}
 n - a potion of lignification


   Skills:
 + Level 5.1 Fighting
 * Level 9.1 Axes
 + Level 5.2 Armour
 - Level 3.2 Shields


You had 6 spell levels left.
You didn't know any spells.
Your spell library contained the following spells:

 Spells                   Type           Power      Damage    Failure   Level
 Ozocubu's Armour         Ice            0%         N/A       86%         3
 Ozocubu's Refrigeration  Ice            0%         4d5       100%        7


Dungeon Overview and Level Annotations

Branches:
Dungeon (4/15)
 Temple: D:4-7

Altars:
Hepliaklqana

Shops:
D:1 ?(


Message History

The orc priest is almost dead.
The orc priest hits you but does no damage.
You barely miss the orc priest.
The orc priest is almost dead.
The orc priest hits you with a +0 club.
You closely miss the orc priest.
The orc priest is almost dead.
The orc priest hits you but does no damage.
You barely miss the orc priest.
The orc priest shouts, "Join the one true god or die!"
The orc priest is almost dead.
The orc priest invokes the aid of Beogh against you.
Beogh smites you!
You closely miss the orc priest.
The orc priest is almost dead.
The orc priest invokes the aid of Beogh against you.
Beogh smites you!
* * * LOW HITPOINT WARNING * * *
The orc priest hits you with a +0 club.
* * * LOW HITPOINT WARNING * * *
You closely miss the orc priest.
The orc priest is almost dead.
The orc priest shouts, "Surrender to Beogh and we'll let you live!"
You block the orc priest's attack.
It was a potion of lignification.
You turn into a tree.
Your +0 helmet melds into your body.
Your +0 chain mail melds into your body.
Your roots penetrate the ground.
The orc priest hits you but does no damage.
You closely miss the orc priest.
The orc priest is severely wounded.
The orc priest hits you but does no damage.
You barely miss the orc priest.
The orc priest is severely wounded.
The orc priest completely misses you.
You hit the orc priest but do no damage.
The orc priest is severely wounded.
The orc priest calls down the wrath of Beogh upon you.
Beogh smites you!
You die...

#.#'#.#.#.# # #####
########.#.#.#.#.# # .....
.........#.#.#.#.# .#.#########
.........#....o#)####.#..........
..........)......................
......##.#....o....... ......?...
##...##.#.#(.o#...... ..........
###...##.#.....##)#####..........
.........####..#♣)....'......Y...
###...#####.8..##o#####.....#####
#.......###88.P...#.. .....
...)....).........#.####.#. ##
...####.###8.8)...#......#. #.
...####.######.##.#......#.. #.
...##....# #)#..)......... #.
...##....# ##)#####.##.... #Y
...##...)## #.)....#.# ... #.


You could see an orc priest.

Vanquished Creatures
  Sigmund (D:3)
  An ogre (D:4)
  A necrophage (D:4)
  2 water moccasin zombies (D:4)
  2 bullfrog skeletons (D:4)
  A centaur zombie (D:4)
  A hound zombie (D:4)
  A howler monkey zombie (D:4)
  6 adders
  5 worms
  2 dart slugs
  8 orcs (D:4)
  9 endoplasms
  6 giant cockroaches
  11 goblins
  4 hobgoblins
  7 kobolds
  A quokka (D:4)
  6 ball pythons
  5 bats
  2 frilled lizards
  A quokka zombie (D:4)
  5 rats
88 creatures vanquished.

Vanquished Creatures (others)
  5 withered plants (D:4)
5 creatures vanquished.

Grand Total: 93 creatures vanquished

Notes
Turn   | Place    | Note
-------+----------+-------------------------------------------
     0 | D:1      | gohu the Hill Orc Fighter began the quest for the Orb.
     0 | D:1      | Reached XP level 1. HP: 19/19 MP: 1/1
   265 | D:1      | Reached XP level 2. HP: 27/27 MP: 2/2
   460 | D:1      | Found Piug's Weapon Shoppe.
   461 | D:1      | Found Etif's Magic Scroll Boutique.
   467 | D:1      | Reached skill level 3 in Axes
   855 | D:2      | Reached XP level 3. HP: 31/33 MP: 3/3
  1136 | D:2      | Found a hazy altar of Hepliaklqana.
  1309 | D:2      | Reached XP level 4. HP: 41/41 MP: 4/4
  1571 | D:2      | Reached skill level 4 in Axes
  1859 | D:2      | Found a faded altar of an unknown god.
  2600 | D:3      | Noticed Sigmund
  2660 | D:3      | Killed Sigmund
  2661 | D:3      | Reached skill level 6 in Axes
  2661 | D:3      | Reached XP level 5. HP: 22/47 MP: 5/5
  2661 | D:3      | Reached XP level 6. HP: 24/53 MP: 6/6
  3275 | D:4      | Noticed an orc warrior
  3385 | D:4      | Reached skill level 7 in Axes
  3392 | D:4      | Noticed an ice beast
  3591 | D:4      | Reached XP level 7. HP: 34/60 MP: 7/7
  3739 | D:4      | Reached skill level 5 in Fighting
  3739 | D:4      | Reached skill level 8 in Axes
  3739 | D:4      | Reached skill level 5 in Armour
  3919 | D:4      | Reached skill level 9 in Axes
  4095 | D:4      | Killed from afar by an orc priest

Illustrated notes

Levels and vault maps discovered:
D:1:      minmay_arrival_checkered_box, layout_loops_ring, serial_shops, shop,
          nicolae_shop_stone
D:2:      layout_basic, hellmonk_ecumenical_altar_leap_of_faith, basic_altar,
          kennysheep_flooded_box, minmay_increasing_density
D:3:      layout_basic, uniq_sigmund
D:4:      layout_basic, serial_undead, serial_undead_f, serial_undead_d,
          serial_undead_e, serial_undead_c, lightli_corner_chamber

Skill      XL: |  1  2  3  4  5  6  7 |
---------------+----------------------+-----
Fighting       | 4 5 |  5.1
Axes           | 3 6 7 9 |  9.1
Armour         | 4 5 |  5.2
Shields        | |  3.2

Action                   |  1- 3 |  4- 6 |  7- 9 || total
-------------------------+-------+-------+-------++-------
Melee: War axe           |    86 |   146 |    65 ||   297
  Use: Potion            |       |     2 |     1 ||     3
Armor: Scale mail        |    56 |       |       ||    56
       Chain mail        |       |    94 |    23 ||   117
       Skin              |       |       |     2 ||     2
Dodge: Dodged            |    36 |    49 |    15 ||   100
Block: Buckler           |    15 |    27 |     8 ||    50
